 Dungeon Crawl Stone Soup version 0.26.1-11-gd32895ea62 (webtiles) character file.

Game seed: 7054009537812484084

6888 jlumianski the Magician (level 11, -3/84 HPs)
             Began as a Gnoll Warper on Apr 29, 2021.
             Was a Priest of Vehumet.
             Slain by a wyvern (13 damage)
             ... on level 9 of the Dungeon.
             The game lasted 01:19:36 (15554 turns).

jlumianski the Magician (Gnoll Warper)             Turns: 15554, Time: 01:19:37

Health: -3/84      AC:  9    Str: 19    XL:     11   Next: 6%
Magic:  22/22      EV: 16    Int: 19    God:    Vehumet [***...]
Gold:   108        SH:  0    Dex: 15    Spells: 4/25 levels left

rFire    . . .     SeeInvis .   S - +0 lajatang (vamp)
rCold    + . .     Faith    .   (shield currently unavailable)
rNeg     . . .     Spirit   .   v - +1 leather armour {rC+}
rPois    +         Reflect  .   T - +0 helmet of the Spider Nest {*Contam rPois Will++}
rElec    .         Harm     .   g - +1 cloak {Stlth+}
rCorr    .         Rampage  .   (no gloves)
Will     ++...                  I - +0 pair of boots
Stlth    +++.......             (no amulet)
HPRegen  0.24/turn              K - ring of wizardry
MPRegen  0.18/turn              w - +6 ring of strength

@: no status effects
A: distributed training, fangs 1, strong nose
a: Renounce Religion


You were on level 9 of the Dungeon.
You worshipped Vehumet.
Vehumet was most pleased with you.
You visited 2 branches of the dungeon, and saw 10 of its levels.

You collected 378 gold pieces.
You spent 270 gold pieces at shops.

Inventory:

Hand Weapons
 a - a +0 hand axe
 l - a +2 flail of protection
 o - a +0 dagger
 s - a +1 war axe
 J - a +0 battleaxe
 L - the +3 long sword of Karma {protect, rPois Will- Dex+6}
   (You found it on level 6 of the Dungeon)

   It grants its wielder temporary protection when it strikes (+7 to AC).
   It affects your dexterity (+6).
   It protects you from poison.
   It affects your willpower, your defense against some magical effects.
 S - a +0 vampiric lajatang (weapon)
Missiles
 e - 5 boomerangs of dispersal
 h - 33 poisoned darts (quivered)
 j - 14 boomerangs
 m - 216 stones
 p - 3 javelins
 z - 2 throwing nets
Armour
 b - a +0 leather armour
 g - a +1 cloak of stealth (worn)
 v - a +1 leather armour of cold resistance (worn)
 y - a scarf of shadows
 H - a +2 helmet
 I - a +0 pair of boots (worn)
 O - a +1 scale mail of fire resistance
 T - the +0 helmet of the Spider Nest (worn) {*Contam rPois Will++}
   (You found it on level 9 of the Dungeon)

   It protects you from poison.
   It affects your willpower, your defense against some magical effects.
   It causes magical contamination when unequipped.
Magical Staves
 Q - an uncursed staff of conjuration
Jewellery
 w - a +6 ring of strength (right hand)
 K - a ring of wizardry (left hand)
 N - a cursed ring of resist corrosion
Wands
 n - a wand of digging (4)
 M - a wand of flame (9)
Scrolls
 c - a scroll of enchant weapon
 d - 4 scrolls of blinking
 k - 6 scrolls of remove curse
 r - 2 scrolls of immolation
 u - 4 scrolls of teleportation
 D - a scroll of random uselessness {unknown}
 E - 3 scrolls of amnesia {unknown}
Potions
 f - a potion of might
 i - 7 potions of curing
 q - a potion of magic {unknown}
 t - a potion of lignification
 B - a potion of heal wounds
 C - a potion of degeneration
 F - a potion of brilliance {unknown}
 G - a potion of attraction {unknown}
 R - a potion of invisibility {unknown}


   Skills:
 + Level 7.5 Fighting
 + Level 5.9 Short Blades
 + Level 5.9 Long Blades
 + Level 7.5 Axes
 + Level 5.9 Maces & Flails
 + Level 5.9 Polearms
 + Level 5.9 Staves
 + Level 5.9 Slings
 + Level 5.9 Bows
 + Level 5.9 Crossbows
 + Level 6.5 Throwing
 + Level 6.5 Armour
 + Level 7.5 Dodging
 + Level 5.9 Stealth
 + Level 5.9 Shields
 + Level 5.9 Unarmed Combat
 + Level 7.8 Spellcasting
 + Level 4.9 Conjurations
 + Level 4.9 Hexes
 + Level 4.9 Summonings
 + Level 4.9 Necromancy
 + Level 7.4 Translocations
 + Level 4.9 Transmutations
 + Level 4.9 Fire Magic
 + Level 4.9 Ice Magic
 + Level 4.9 Air Magic
 + Level 4.9 Earth Magic
 + Level 4.9 Poison Magic
 + Level 6.5 Invocations
 + Level 5.9 Evocations


You had 4 spell levels left.
You knew the following spells:

 Your Spells              Type           Power        Failure   Level
a - Blink                 Tloc           N/A          1%          2
b - Gell's Gravitas       Tloc           17%          1%          3
c - Teleport Other        Tloc           35%          1%          3
d - Sandblast             Erth           52%          1%          1
e - Conjure Flame         Conj/Fire      26%          1%          3
f - Airstrike             Air            13%          1%          4
g - Alistair's Intoxicat  Tmut/Pois      17%          16%         5

Your spell library contained the following spells:

 Spells                   Type           Power        Failure   Level
 Apportation              Tloc           70%          1%          1
 Ensorcelled Hibernation  Hex/Ice        52%          1%          2
 Lesser Beckoning         Tloc           17%          1%          3
 Tukima's Dance           Hex            26%          1%          3
 Passage of Golubria      Tloc           N/A          1%          4
 Borgnjor's Vile Clutch   Necr/Erth      13%          16%         5
 Silence                  Hex/Air        13%          16%         5
 Invisibility             Hex            26%          61%         6
 Shadow Creatures         Summ           N/A          61%         6


Dungeon Overview and Level Annotations

Branches:
Dungeon (9/15)             Temple (1/1) D:4
   Lair: D:8-11         Orc: D:9-12

Altars:
Ashenzari
Cheibriados
Dithmenos
Elyvilon
Fedhas
Gozag
Hepliaklqana
Kikubaaqudgha
Makhleb
Nemelex Xobeh
Okawaru
Qazlal
Ru
Sif Muna
Trog
Uskayaw
Vehumet
Wu Jian
Xom
Yredelemnul
Zin
The Shining One

Shops:
D:6 !}(}*   D:7 *

Annotations:
D:6 Dillybarz's ghost, novice OgBe
D:9 Maurice


Innate Abilities, Weirdness & Mutations

Your experience applies equally to all skills.
You have very sharp teeth.
Your uncanny sense of smell can sniff out nearby items.


Message History

The gnoll sergeant is lightly wounded.
The gnoll sergeant closely misses you.
You hit the gnoll sergeant.
You bite the gnoll sergeant, but do no damage.
The gnoll sergeant is lightly wounded.
The gnoll sergeant hits you with a +0 trident.
* * * LOW HITPOINT WARNING * * *
You barely miss the gnoll sergeant.
The gnoll sergeant is lightly wounded.
The gnoll sergeant barely misses you.
Casting: Airstrike (dangerous; 1% risk of failure)
Confirm with . or Enter, or press ? or * to list all spells.
You blink.
The gnoll sergeant misses you.
A wyvern comes into view.
The wyvern hisses angrily.
The wyvern bites you!
* * * LOW HITPOINT WARNING * * *
The wyvern bites you!
You die...

################ ###
................. ...
................# ..#
<†.###..####....# ..#
[..###..........####..####
.)..............@.........
................l.........
#'############'###g.......
... ...........#..#####.
... ...........#........
.... ...###'###..........
.... . ##!#.#.##.........
...## ##..#.#..##.......#
##...#§#...####'####


You could see a wyvern and a gnoll sergeant.

Vanquished Creatures
  A two-headed ogre (D:9)
  An unseen horror (D:9)
  Joseph (D:7)
  A troll (D:9)
  A hornet (D:7)
  Menkaure (D:4)
  A soldier ant (D:9)
  A water moccasin (D:8)
  4 phantoms
  7 orc warriors
  2 eyes of draining
  4 ice beasts
  2 sky beasts
  3 centaurs
  8 ogres
  3 bullfrogs
  A wyvern zombie (D:8)
  2 scorpions
  A killer bee (D:9)
  2 howler monkeys
  A crimson imp (D:5)
  A bullfrog zombie (D:3)
  2 jellies
  2 bullfrog skeletons
  A centaur skeleton (D:9)
  6 hounds
  7 orc priests
  7 orc wizards
  9 worker ants
  5 iguanas
  3 hound skeletons
  A worker ant zombie (D:3)
  7 gnolls (D:3)
  A howler monkey skeleton (D:5)
  9 adders
  2 shadow imps
  A white imp (D:8)
  2 ufetubi
  An ooze (D:4)
  An adder skeleton (D:9)
  An adder zombie (D:3)
  6 worms
  4 dart slugs
  7 leopard geckos
  55 orcs
  6 giant cockroaches
  4 hobgoblins
  8 jackals
  3 quokkas
  A ball python (D:1)
  A ball python skeleton (D:4)
  6 bats
  2 frilled lizards
  A giant cockroach zombie (D:3)
  11 goblins
  8 kobolds
  A leopard gecko skeleton (D:4)
  A leopard gecko zombie (D:3)
  8 rats
250 creatures vanquished.

Vanquished Creatures (others)
  A quokka (D:3)
  25 plants
  9 withered plants (D:3)
35 creatures vanquished.

Grand Total: 285 creatures vanquished

Notes
Turn   | Place    | Note
-------+----------+-------------------------------------------
     0 | D:1      | jlumianski the Gnoll Warper began the quest for the Orb.
     0 | D:1      | Reached XP level 1. HP: 20/20 MP: 6/6
   371 | D:1      | Reached XP level 2. HP: 23/26 MP: 7/7
   374 | D:1      | Learned a level 2 spell: Blink
   730 | D:1      | Reached XP level 3. HP: 27/31 MP: 9/9
   769 | D:1      | Learned a level 3 spell: Gell's Gravitas
   773 | D:1      | Learned a level 3 spell: Teleport Other
   991 | D:2      | Reached skill level 5 in Spellcasting
  1122 | D:2      | Reached skill level 1 in Invocations
  1244 | D:2      | Reached skill level 1 in Short Blades
  1244 | D:2      | Reached skill level 1 in Long Blades
  1244 | D:2      | Reached skill level 1 in Maces & Flails
  1244 | D:2      | Reached skill level 1 in Polearms
  1244 | D:2      | Reached skill level 1 in Staves
  1244 | D:2      | Reached skill level 1 in Slings
  1244 | D:2      | Reached skill level 1 in Bows
  1244 | D:2      | Reached skill level 1 in Crossbows
  1244 | D:2      | Reached skill level 1 in Stealth
  1244 | D:2      | Reached skill level 1 in Shields
  1244 | D:2      | Reached skill level 1 in Unarmed Combat
  1244 | D:2      | Reached skill level 1 in Evocations
  1244 | D:2      | Reached XP level 4. HP: 33/38 MP: 11/11
  2141 | D:2      | Found a faded altar of an unknown god.
  2167 | D:2      | Reached skill level 1 in Conjurations
  2167 | D:2      | Reached skill level 1 in Hexes
  2167 | D:2      | Reached skill level 1 in Summonings
  2167 | D:2      | Reached skill level 1 in Necromancy
  2167 | D:2      | Reached skill level 1 in Transmutations
  2167 | D:2      | Reached skill level 1 in Fire Magic
  2167 | D:2      | Reached skill level 1 in Ice Magic
  2167 | D:2      | Reached skill level 1 in Air Magic
  2167 | D:2      | Reached skill level 1 in Earth Magic
  2167 | D:2      | Reached skill level 1 in Poison Magic
  2812 | D:3      | Reached XP level 5. HP: 43/43 MP: 5/12
  3230 | D:3      | Reached XP level 6. HP: 38/50 MP: 13/13
  3387 | D:3      | Reached skill level 5 in Fighting
  3387 | D:3      | Reached skill level 5 in Axes
  3387 | D:3      | Reached skill level 5 in Dodging
  4144 | D:3      | You fall into a shaft and drop 2 floors!
  4144 | D:5      | Entered Level 5 of the Dungeon
  4192 | D:4      | Noticed Menkaure
  4198 | D:4      | Killed Menkaure
  4199 | D:4      | Reached XP level 7. HP: 50/56 MP: 15/15
  4472 | D:3      | Found a white marble altar of Elyvilon.
  5591 | D:4      | Found a staircase to the Ecumenical Temple.
  5607 | Temple   | Entered the Ecumenical Temple
  5752 | Temple   | Became a worshipper of Vehumet
  6071 | D:4      | Reached XP level 8. HP: 35/63 MP: 7/16
  7728 | D:5      | Found a hide-covered altar of Uskayaw.
  8247 | D:5      | Reached * piety under Vehumet
  8247 | D:5      | Offered knowledge of Sandblast by Vehumet.
  8538 | D:5      | Learned a level 1 spell: Sandblast
  8555 | D:5      | Found a shimmering altar of Xom.
  8556 | D:5      | Found a burning altar of Makhleb.
  8682 | D:6      | Found a glowing golden altar of the Shining One.
  8776 | D:6      | Found a runed translucent door.
  8777 | D:6      | Noticed Dillybarz's ghost (novice OgBe)
  8834 | D:6      | Found Jeunga's Distillery.
  8839 | D:6      | Bought a potion of curing for 39 gold pieces
  8839 | D:6      | Bought a potion of curing for 39 gold pieces
  8839 | D:6      | Bought a potion of degeneration for 13 gold pieces
  8972 | D:6      | Reached XP level 9. HP: 58/69 MP: 18/18
  9157 | D:6      | Found Xeiwiosk's Gadget Emporium.
  9271 | D:6      | Found Nirinuo's General Store.
  9306 | D:6      | Bought a +0 pair of boots for 49 gold pieces
  9378 | D:6      | Found Ginanoc's Gadget Shop.
  9520 | D:6      | Found Tunog's Antique Weapon Emporium.
  9524 | D:6      | Bought a battleaxe for 130 gold pieces
  9814 | D:5      | Reached skill level 5 in Throwing
  9814 | D:5      | Reached skill level 5 in Armour
  9946 | D:6      | Got a pitted long sword
  9967 | D:6      | Identified the +3 long sword of Karma {protect, rPois Will-
                  | Dex+6} (You found it on level 6 of the Dungeon)
 10210 | D:7      | Noticed Joseph
 10227 | D:7      | Killed Joseph
 10537 | D:7      | Found Muczath's General Store.
 10548 | D:7      | Noticed a hornet
 10569 | D:7      | Killed a hornet
 10570 | D:7      | Reached skill level 5 in Invocations
 10955 | D:7      | Offered knowledge of Shock by Vehumet.
 10955 | D:7      | Reached ** piety under Vehumet
 11473 | D:8      | Reached XP level 10. HP: 65/77 MP: 20/20
 11686 | D:8      | Found a sacrificial altar of Ru.
 12012 | D:7      | Reached skill level 5 in Short Blades
 12012 | D:7      | Reached skill level 5 in Long Blades
 12012 | D:7      | Reached skill level 5 in Maces & Flails
 12012 | D:7      | Reached skill level 5 in Polearms
 12012 | D:7      | Reached skill level 5 in Staves
 12012 | D:7      | Reached skill level 5 in Slings
 12012 | D:7      | Reached skill level 5 in Bows
 12012 | D:7      | Reached skill level 5 in Crossbows
 12012 | D:7      | Reached skill level 5 in Stealth
 12012 | D:7      | Reached skill level 5 in Shields
 12012 | D:7      | Reached skill level 5 in Unarmed Combat
 12012 | D:7      | Reached skill level 5 in Evocations
 12945 | D:8      | Offered knowledge of Conjure Flame by Vehumet.
 13018 | D:7      | Got an ancient short sword
 13151 | D:7      | Identified the +9 short sword of Meafucw {pain, rC+ Int+3}
                  | (You found it on level 7 of the Dungeon)
 13853 | D:8      | Reached *** piety under Vehumet
 13870 | D:9      | Noticed a two-headed ogre
 13881 | D:9      | Killed a two-headed ogre
 14359 | D:8      | Learned a level 3 spell: Conjure Flame
 14464 | D:9      | Found a sparkling altar of Nemelex Xobeh.
 14464 | D:9      | Found a shimmering blue altar of Sif Muna.
 14464 | D:9      | Found a blossoming altar of Fedhas.
 14479 | D:9      | Found a stormy altar of Qazlal.
 14860 | D:9      | Offered knowledge of Airstrike by Vehumet.
 14867 | D:9      | Learned a level 4 spell: Airstrike
 14915 | D:9      | Killed an unseen horror
 14916 | D:9      | Reached XP level 11. HP: 46/84 MP: 22/22
 15089 | D:9      | Learned a level 5 spell: Alistair's Intoxication
 15096 | D:9      | Got a spiked helmet
 15107 | D:9      | Identified the +0 helmet of the Spider Nest {*Contam rPois
                  | Will++} (You found it on level 9 of the Dungeon)
 15143 | D:9      | Noticed Maurice
 15554 | D:9      | Slain by a wyvern

Illustrated notes

Levels and vault maps discovered:
D:1:      moated_graveyard_arrival, layout_basic
D:2:      layout_basic, chequers_ecumenical_altar_simple, serial_forest,
          infiniplex_forest_clump_diagonal, infiniplex_forest_lined_2,
          infiniplex_forest_lined_corner, infiniplex_forest_corner_2,
          infiniplex_forest_join, infiniplex_forest_lined_ring,
          infiniplex_forest_clump_tiny, infiniplex_forest_clump_medium,
          serial_bayou_pond_e, hex_large
D:3:      layout_loops_ring, elyvilon_altar_4, serial_undead, serial_undead_f,
          serial_undead_a, serial_undead_a, serial_undead_e, serial_undead_f,
          serial_undead_f, serial_undead_c, serial_undead_d
D:4:      layout_layer_cave, minmay_temple_entry_stoned_glass,
          minmay_ogre_servants, uniq_menkaure
D:5:      layout_cave_pools, grunt_temple_overflow_champion_of_chaos,
          eat_drink_and_be_merry_uskayaw, serial_column_ruins,
          column_ruins_open_tiny, column_ruins_columns_corner,
          column_ruins_columns_straight, column_ruins_grid_1,
          column_ruins_grid_1
D:6:      layout_basic, overflow_temple_1_default, ebering_ghost_inner_flame,
          serial_shops, nicolae_shop_behind_doors, kennysheep_mini_moat,
          kennysheep_little_box, shop,
          nicolae_shop_temple_entry_statues_fountains
D:7:      layout_basic, serial_shops, shop, uniq_joseph
D:8:      layout_loops_corners, nicolae_ru_path_of_blood, special_room
          [special_room_orc]
D:9:      minmay_the_grid_octo_tiled_octocenter [minmay_the_grid_octo_horde,
          minmay_the_grid_octo_tetromino_candy, minmay_the_grid_octo_fan_narrow,
          minmay_the_grid_octo_clover,
          minmay_the_grid_octo_prize_square_snowflake,
          minmay_the_grid_square_5x5_z,
          minmay_the_grid_square_5x5_inverted_slash,
          minmay_the_grid_square_5x5_shrine1,
          minmay_the_grid_square_5x5_checkered_statues], layout_stronghold,
          grunt_temple_overflow_open, david_lair_shrubbed,
          minmay_orc_entry_temple_small, uniq_erica, uniq_maurice, uniq_maggie
Temple:   minmay_temple_bridge_abc

Skill      XL: |  1  2  3  4  5  6  7  8  9 10 |
---------------+-------------------------------+-----
Spellcasting   | 5 6 7 |  7.8
Invocations    | 1 2 3 4 5 6 |  6.5
Short Blades   | 1 2 3 4 5 |  5.9
Long Blades    | 1 2 3 4 5 |  5.9
Maces & Flails | 1 2 3 4 5 |  5.9
Polearms       | 1 2 3 4 5 |  5.9
Staves         | 1 2 3 4 5 |  5.9
Slings         | 1 2 3 4 5 |  5.9
Bows           | 1 2 3 4 5 |  5.9
Crossbows      | 1 2 3 4 5 |  5.9
Stealth        | 1 2 3 4 5 |  5.9
Shields        | 1 2 3 4 5 |  5.9
Unarmed Combat | 1 2 3 4 5 |  5.9
Evocations     | 1 2 3 4 5 |  5.9
Conjurations   | 1 2 3 4 |  4.9
Hexes          | 1 2 3 4 |  4.9
Summonings     | 1 2 3 4 |  4.9
Necromancy     | 1 2 3 4 |  4.9
Transmutations | 1 2 3 4 |  4.9
Fire Magic     | 1 2 3 4 |  4.9
Ice Magic      | 1 2 3 4 |  4.9
Air Magic      | 1 2 3 4 |  4.9
Earth Magic    | 1 2 3 4 |  4.9
Poison Magic   | 1 2 3 4 |  4.9
Throwing       | 3 4 5 6 |  6.5
Armour         | 3 4 5 6 |  6.5
Fighting       | 5 6 7 |  7.5
Axes           | 5 6 7 |  7.5
Dodging        | 5 6 7 |  7.5
Translocations | 6 7 |  7.4

Action                   |  1- 3 |  4- 6 |  7- 9 | 10-12 || total
-------------------------+-------+-------+-------+-------++-------
Melee: Hand axe          |    89 |   109 |       |       ||   198
       Bite              |    11 |    31 |    38 |    47 ||   127
       Punch             |       |     3 |     2 |     1 ||     6
       War axe           |       |   103 |   250 |       ||   353
       Battleaxe         |       |       |    63 |    68 ||   131
       Short sword       |       |       |       |   121 ||   121
       Long sword        |       |       |       |     9 ||     9
       Lajatang          |       |       |       |    80 ||    80
Throw: Dart              |     3 |     7 |    27 |       ||    37
       Throwing net      |       |     1 |       |       ||     1
 Cast: Gell's Gravitas   |     1 |     6 |     8 |     7 ||    22
       Blink             |       |     1 |     5 |     3 ||     9
       Sandblast         |       |       |     7 |     4 ||    11
       Conjure Flame     |       |       |       |     2 ||     2
       Airstrike         |       |       |       |     1 ||     1
Evoke: Wand              |       |       |       |     1 ||     1
  Use: Scroll            |     1 |       |    10 |       ||    11
       Potion            |       |       |     5 |     1 ||     6
 Stab: Sleeping          |       |     1 |     9 |     8 ||    18
Armor: Leather armour    |    24 |    51 |    68 |    99 ||   242
Dodge: Dodged            |    79 |   176 |   291 |   243 ||   789
       Rpst.: Long sword |       |       |       |     2 ||     2
